 Dungeon Sprint DCSS version 0.24-a0-254-gf493760 (webtiles) character file.

Game seed: 5364920619723471701

50571 HallandMoats the End of an Era (level 14, -21/134 HPs)
             Began as a Demonspawn Monk on Apr 18, 2019.
             Was the Champion of Qazlal.
             Killed from afar by a purple draconian (35 damage)
             ... with a bolt of dispelling energy
             ... in the Dungeon (Sprint V: "Ziggurat Sprint").
             The game lasted 00:06:29 (1659 turns).

HallandMoats the End of an Era (Demonspawn Monk)    Turns: 1659, Time: 00:06:30

Health: -21/134    AC: 30    Str: 22    XL:     14   Next: 20%
Magic:  23/28      EV:  5    Int: 19    God:    Qazlal [******]
Gold:   0          SH: 49    Dex: 16    Spells: 32/34 levels left

rFire    + . .     SeeInvis +   C - +14 obsidian axe {chop, +Fly SInv *Curse} (curse)
rCold    + + .     Gourm    .   D - +18 shield of the Gong {rElec rN+ MR+ EV-5}
rNeg     + + .     Faith    .   a - +5 gold dragon scales
rPois    +         Spirit   .   (helmet unavailable)
rElec    +         Reflect  +   (no cloak)
rCorr    +         Harm     .   x - +0 pair of gloves of Hepliaklqana's Fury {Int+4} (curse)
MR       ++...     NoTele   +   (no boots)
Stlth    ..........             G - brooch of Shielding {Reflect SH+8}
HPRegen  0.32/turn              A - +6 ring of strength
MPRegen  0.21/turn              I - ring of Yheqoi {rCorr rN+ Int+3 Stlth+}

@: protected from physical damage, mesmerised, repel missiles
A: antennae 3, thin metallic scales 2, blurry vision 1, cold resistance 1,
powered by pain 3, spiny 2
a: Upheaval, Elemental Force, Disaster Area, Renounce Religion, Evoke Flight


You were in the Dungeon.
You worshipped Qazlal.
Qazlal was exalted by your worship.
You were not hungry.

You visited 1 branch

Inventory:

Hand Weapons
 C - the cursed +14 obsidian axe (weapon) {chop, +Fly SInv *Curse}
   (You found it in the Dungeon)

   It inflicts extra damage upon your enemies.
   It lets you see invisible.
   It lets you fly.
   It curses itself when equipped.
   It has a curse placed upon it.
Armour
 a - +5 gold dragon scales (worn)
 x - the cursed +0 pair of gloves of Hepliaklqana's Fury (worn) {Int+4}
   (You found it in the Dungeon)

   It affects your intelligence (+4).
   It has a curse placed upon it.
 B - a +1 pair of gloves of strength
 D - the +18 shield of the Gong (worn) {rElec rN+ MR+ EV-5}
   (You found it in the Dungeon)

   It affects your evasion (-5).
   It insulates you from electricity.
   It protects you from negative energy.
   It affects your resistance to hostile enchantments.
Jewellery
 y - a +6 ring of intelligence
 z - a +6 ring of intelligence
 A - a +6 ring of strength (left hand)
 F - the amulet "Tucoz" {Acrobat -Tele MR+ Dex+6}
   (You found it in the Dungeon)

   [amulet of the acrobat]

   It helps you evade while moving and waiting.
   It affects your dexterity (+6).
   It affects your resistance to hostile enchantments.
   It prevents most forms of teleportation.
 G - the brooch of Shielding (around neck) {Reflect SH+8}
   (You found it in the Dungeon)

   [amulet of reflection]

   It shields you and reflects attacks.
   It affects your SH (+8).
 H - the ring of Ludaowk {+Fly rElec rPois rN++ Int-3}
   (You found it in the Dungeon)

   [ring of flight]

   It affects your intelligence (-3).
   It insulates you from electricity.
   It protects you from poison.
   It greatly protects you from negative energy.
   It lets you fly.
 I - the ring of Yheqoi (right hand) {rCorr rN+ Int+3 Stlth+}
   (You found it in the Dungeon)

   [ring of resist corrosion]

   It affects your intelligence (+3).
   It protects you from negative energy.
   It makes you more stealthy.
Wands
 t - a wand of disintegration (7)
 u - a wand of iceblast (7)
 v - a wand of acid (7)
Scrolls
 i - 4 scrolls of blinking
 o - 4 scrolls of amnesia
 p - 7 scrolls of fog
 q - 5 scrolls of identify
 r - 5 scrolls of remove curse
 s - 2 scrolls of fear
 w - 4 scrolls of brand weapon
Potions
 b - 2 potions of brilliance
 d - 10 potions of curing
 e - 10 potions of heal wounds
 f - 6 potions of haste
 g - 7 potions of magic
 h - 3 potions of berserk rage
 j - 2 potions of invisibility
 k - 3 potions of resistance
 m - 6 potions of agility
 n - 5 potions of might
Miscellaneous
 E - 2 phantom mirrors
Comestibles
 c - 6 rations


   Skills:
 * Level 19.8 Fighting
 + Level 11.7 Axes
 + Level 11.4 Armour
 + Level 11.6 Dodging
 - Level 1.7 Stealth
 * Level 16.2 Shields
 * Level 10.5 Spellcasting
 * Level 10.5 Charms
 * Level 21.7 Invocations


You had 32 spell levels left.
You knew the following spells:

 Your Spells              Type           Power        Failure   Level  Hunger
a - Song of Slaying       Chrm           #####...     9%          2    None

Your spell library contained the following spells:

 Spells                   Type           Power        Failure   Level  Hunger
 Infusion                 Chrm           ####         5%          1    None
 Shroud of Golubria       Chrm/Tloc      ####......   58%         2    None
 Swiftness                Chrm/Air       ####....     58%         2    None
 Regeneration             Chrm/Necr      ####......   82%         3    None
 Spectral Weapon          Hex/Chrm       ####....     82%         3    None
 Corona                   Hex            #......      99%         1    None
 Flame Tongue             Conj/Fire      #....        99%         1    None
 Freeze                   Ice            #...         99%         1    None
 Sandblast                Erth           #.....       99%         1    None
 Shock                    Conj/Air       #...         99%         1    None
 Blink                    Tloc           N/A          99%         2    None
 Call Imp                 Summ           #.......     99%         2    None
 Corpse Rot               Necr           N/A          99%         2    None
 Ensorcelled Hibernation  Hex/Ice        #.....       99%         2    None
 Passwall                 Tmut/Erth      #.......     99%         2    None
 Poisonous Vapours        Pois/Air       #.....       99%         2    None
 Slow                     Hex            #.......     99%         2    None
 Conjure Flame            Conj/Fire      #.......     100%        3    None
 Gell's Gravitas          Tloc           #.........   100%        3    None
 Inner Flame              Hex/Fire       #.......     100%        3    None
 Lesser Beckoning         Tloc           #.........   100%        3    None
 Mephitic Cloud           Conj/Pois/Air  #.......     100%        3    None
 Portal Projectile        Hex/Tloc       #.....       100%        3    None
 Recall                   Summ/Tloc      N/A          100%        3    None
 Static Discharge         Conj/Air       #.......     100%        3    None
 Stone Arrow              Conj/Erth      #.....       100%        3    None
 Teleport Other           Tloc           #.......     100%        3    None
 Airstrike                Air            #.........   100%        4    ##.....
 Cause Fear               Hex            #.........   100%        4    ##.....
 Ice Form                 Ice/Tmut       #.......     100%        4    ##.....
 Leda's Liquefaction      Hex/Erth       #.........   100%        4    ##.....
 Passage of Golubria      Tloc           N/A          100%        4    ##.....
 Petrify                  Tmut/Erth      #.......     100%        4    ##.....
 Summon Ice Beast         Ice/Summ       #.......     100%        4    ##.....
 Summon Lightning Spire   Summ/Air       #.......     100%        4    ##.....
 Aura of Abjuration       Summ           #.........   100%        5    ####...
 Borgnjor's Vile Clutch   Necr/Erth      #.........   100%        5    ####...
 Dispel Undead            Necr           #.......     100%        5    ####...
 Excruciating Wounds      Chrm/Necr      ####......   100%        5    ####...
 Lee's Rapid Deconstruct  Erth           #.........   100%        5    ####...
 Lightning Bolt           Conj/Air       #.........   100%        5    ####...
 Silence                  Hex/Air        #.........   100%        5    ####...
 Summon Demon             Summ           #.........   100%        5    ####...
 Summon Forest            Summ/Tloc      #.........   100%        5    ####...
 Bolt of Fire             Conj/Fire      #.........   100%        6    ######.
 Conjure Ball Lightning   Conj/Air       #.........   100%        6    ######.
 Darkness                 Hex            #.........   100%        6    ######.
 Deflect Missiles         Chrm/Air       ####......   100%        6    ######.
 Freezing Cloud           Conj/Ice/Air   #.........   100%        6    ######.
 Invisibility             Hex            #.......     100%        6    ######.
 Poison Arrow             Conj/Pois      #.........   100%        6    ######.
 Shadow Creatures         Summ           N/A          100%        6    ######.
 Dragon Form              Tmut           #.........   100%        7    #######
 Haunt                    Necr/Summ      #.........   100%        7    #######
 Ring of Flames           Chrm/Fire      ####......   100%        7    #######
 Spellforged Servitor     Conj/Summ      #.........   100%        7    #######
 Borgnjor's Revivificati  Necr           #.........   100%        8    #######
 Chain Lightning          Conj/Air       #.........   100%        8    #######
 Death's Door             Chrm/Necr      ####......   100%        8    #######
 Infestation              Necr           #.........   100%        8    #######
 Lehudib's Crystal Spear  Conj/Erth      #.........   100%        8    #######
 Necromutation            Tmut/Necr      #.........   100%        8    #######
 Dragon's Call            Summ           #.........   100%        9    #######
 Fire Storm               Conj/Fire      #.........   100%        9    #######
 Glaciate                 Conj/Ice       #.........   100%        9    #######
 Tornado                  Air            #.........   100%        9    #######


Dungeon Overview and Level Annotations

Branches:
Dungeon (1/1)

Altars:
Ashenzari
Cheibriados
Dithmenos
Elyvilon
Fedhas
Gozag
Hepliaklqana
Kikubaaqudgha
Makhleb
Nemelex Xobeh
Okawaru
Qazlal
Ru
Sif Muna
Trog
Uskayaw
Vehumet
Wu Jian
Xom
Yredelemnul
Zin
The Shining One
Beogh
Jiyva
Lugonu

Annotations:
D 1 transporter


Innate Abilities, Weirdness & Mutations

You have a pair of large antennae on your head. (SInv)
You are mostly covered in thin metallic scales. (AC +3)
You are powered by pain.
You are mostly covered in sharp spines.
Scrolls take you a little longer to read.
Your flesh is cold resistant. (rC+)


Message History

* * * LOW HITPOINT WARNING * * *
You swap places.
You feel a little less mighty now.
Your sixfirhy is engulfed in freezing vapours.
Your sixfirhy hits the purple draconian.
Your sixfirhy shocks the purple draconian!
The purple draconian misses your sixfirhy.
Things that are here:
a +0 hand axe; a +0 long sword; a +1 cloak You catch the helpless purple draconian completely off-guard!
You slash the purple draconian!
The purple draconian is almost dead.
You block the purple draconian's attack.
GONNNNG!
You closely miss the purple draconian.
The purple draconian is almost dead.
The purple draconian breathes dispelling energy at you.
The bolt of dispelling energy hits you!!
Your magical effects are unravelling.
You die...

▓....≈.©....≈.▓....8©8..
▓▓▓▓▓▓▓▓▓▓▓▓▓▓▓...))[}|)
▓.....8©8.....▓...)|||)}
▓..))≈:.)[.}..▓.........
▓..:)[|}≈.))..▓.........
▓.....)..)....▓.........
▓....°.○°.....▓.....))..
▓..≈≈☼≈3d.=...▓..▓.††..▓
▓≈.≈.)°@§.....▓.▓▓▓..)▓▓
▓...§.°)§☼....▓..▓.....▓
▓≈.▓.☼...○.▓..▓.....©...
▓. ▓▓....○▓▓ ▓▓▓▓▓▓▓▓▓▓
▓..▓.......▓..▓....8©8..
▓.............▓..))"=...
▓.....≈©......▓...)}.)..
▓▓▓▓▓▓▓▓▓▓▓▓▓▓▓.........
▓.........


You could see a purple draconian and a friendly sixfirhy.

Vanquished Creatures
  2 deep elf blademasters (D)
  An acid blob (D)
  A deep elf master archer (D)
  An azure jelly (D)
  A deep elf sorcerer (D)
  A draconian knight (D)
  A fire giant (D)
  2 green draconians (D)
  3 black draconians (D)
  2 yellow draconians (D)
  4 white draconians (D)
  4 red draconians (D)
  A purple draconian (D)
  A deep elf annihilator (D)
  2 dire elephants (D)
  A death ooze (D)
  A deep elf high priest (D)
  A dancing weapon (D)
  2 hell hogs (D)
  2 spriggan berserkers (D)
  A wretched star (D)
  A spriggan druid (D)
  A deep elf archer (D)
  A death drake (shapeshifter) (D)
  2 shining eyes (D)
  A wolf spider (D)
  3 deep elf magi (D)
  An elephant (D)
  An eye of devastation (D)
  A spiny frog (D)
  A rime drake (D)
  A dryad (D)
  An efreet (D)
  3 hornets (D)
  2 hippogriffs (D)
  8 slime creatures (D)
  A spriggan (D)
  An air elemental (D)
  A wyvern (D)
  A fire elemental (D)
  3 golden eyes (D)
  2 steam dragons (D)
  3 neqoxecs (D)
  A warg (shapeshifter) (D)
  2 floating eyes (D)
  3 hell hounds (D)
  An acid dragon (D)
  2 porcupines (D)
  A swamp drake (D)
  An eye of draining (D)
  3 phantoms (D)
  A wolf (D)
  5 necrophages (D)
  6 jellies (D)
  An iron imp (D)
  An orc wizard (D)
  An iguana (D)
  A shadow imp (D)
  A white imp (D)
  4 oozes (D)
  4 adder skeletons (D)
  3 orcs (D)
  4 bat skeletons (D)
  A bat zombie (D)
  A giant cockroach zombie (D)
  A jackal zombie (D)
  A quokka zombie (D)
  2 fire vortices (D)
127 creatures vanquished.

Vanquished Creatures (collateral kills)
  A death ooze (D)
  A fire dragon (D)
  A shining eye (D)
  A spiny frog (D)
  An efreet (D)
  A rime drake (D)
  A yak (D)
  A fire elemental (D)
  A steam dragon (D)
  A golden eye (D)
  A phantom (D)
  A bullfrog (D)
  2 adder zombies (D)
  A giant cockroach zombie (D)
15 creatures vanquished.

Vanquished Creatures (others)
  A deep elf blademaster (D)
  A dire elephant (D)
  A shambling mangrove (D)
  A satyr (D)
  A spatial maelstrom (D)
  A deep elf mage (D)
  A rime drake (D)
7 creatures vanquished.

Grand Total: 149 creatures vanquished

Notes
Turn   | Place    | Note
-------+----------+-------------------------------------------
     0 | D        | Found the +6 Majin-Bo {vamp, Archmagi MP+6 Int+6}
     0 | D        | Found the +7 great mace "Firestarter" {inner flame, rF++}
     0 | D        | HallandMoats the Demonspawn Monk began the quest for the
                  | Orb.
     0 | D        | Reached XP level 1. HP: 18/18 MP: 1/1
     7 | D        | Banished a spatial maelstrom
    12 | D        | Found a deep blue altar of Sif Muna.
    12 | D        | Found a bloodstained altar of Trog.
    12 | D        | Found a sacrificial altar of Ru.
    12 | D        | Found a stormy altar of Qazlal.
    12 | D        | Found an iron altar of Okawaru.
    13 | D        | Found a sparkling altar of Nemelex Xobeh.
    14 | D        | Found a blossoming altar of Fedhas.
    16 | D        | Found a transporter.
    16 | D        | Found an ancient bone altar of Kikubaaqudgha.
    16 | D        | Found a viscous altar of Jiyva.
    16 | D        | Found a corrupted altar of Lugonu.
    16 | D        | Found a hazy altar of Hepliaklqana.
    16 | D        | Found a burning altar of Makhleb.
    16 | D        | Found an opulent altar of Gozag.
    32 | D        | Found the +9 heavy crossbow "Sniper" {velocity, Acc+∞ SInv}
    32 | D        | Found the +10 dark maul {crush}
    32 | D        | Found the +18 shield of the Gong {rElec rN+ MR+ EV-5}
    32 | D        | Found the cursed +14 obsidian axe {chop, +Fly SInv *Curse}
    41 | D        | Became a worshipper of Qazlal Stormbringer
    41 | D        | Reached * piety under Qazlal
    41 | D        | Reached ** piety under Qazlal
    68 | D        | Entered arena 2.
    68 | D        | Noticed an eye of draining
    68 | D        | Noticed a jelly
    68 | D        | Found a transporter.
    70 | D        | Killed a jelly
    70 | D        | Reached skill level 1 in Armour
    70 | D        | Reached skill level 3 in Invocations
    70 | D        | Gained mutation: You have a pair of small antennae on your
                  | head. [demonic ancestry]
    70 | D        | Reached XP level 2. HP: 24/24 MP: 1/4
    72 | D        | Killed an eye of draining
    72 | D        | Reached skill level 6 in Invocations
    72 | D        | Gained mutation: You are partially covered in sharp spines.
                  | [demonic ancestry]
    72 | D        | Reached XP level 3. HP: 31/31 MP: 0/7
    72 | D        | Gained mutation: You sometimes gain a little power by
                  | taking damage. [demonic ancestry]
    72 | D        | Reached XP level 4. HP: 38/38 MP: 0/8
    73 | D        | Reached skill level 10 in Invocations
    73 | D        | Gained mutation: You sometimes gain power by taking damage.
                  | [demonic ancestry]
    73 | D        | Reached XP level 5. HP: 46/46 MP: 0/12
   162 | D        | Entered arena 3.
   162 | D        | Noticed a wolf
   162 | D        | Noticed a porcupine
   162 | D        | Found a transporter.
   165 | D        | Killed a porcupine
   165 | D        | Gained mutation: You are powered by pain. [demonic
                  | ancestry]
   165 | D        | Reached XP level 6. HP: 53/53 MP: 13/13
   166 | D        | Reached *** piety under Qazlal
   166 | D        | Reached skill level 11 in Invocations
   178 | D        | Entered arena 4.
   178 | D        | Noticed a wretched star
   178 | D        | Found a transporter.
   188 | D        | Killed a wretched star
   188 | D        | Reached **** piety under Qazlal
   188 | D        | Reached skill level 5 in Axes
   188 | D        | Reached skill level 5 in Dodging
   188 | D        | Reached skill level 12 in Invocations
   188 | D        | Reached XP level 7. HP: 37/60 MP: 14/16
   188 | D        | Reached XP level 8. HP: 42/67 MP: 14/17
   405 | D        | Entered arena 5.
   405 | D        | Found a transporter.
   409 | D        | Reached ***** piety under Qazlal
   412 | D        | Got the Grimoire of the Supportive Glacier
   414 | D        | Got Worhusipn's Collected Works on the Sinister Escort
   418 | D        | Entered arena 6.
   418 | D        | Noticed a slime creature
   418 | D        | Found a transporter.
   423 | D        | Reached skill level 5 in Armour
   425 | D        | Killed a slime creature
   425 | D        | Reached skill level 13 in Invocations
   431 | D        | Got the amulet "Uciucij" {Acrobat rC+}
   434 | D        | Entered arena 7.
   434 | D        | Noticed a hippogriff
   434 | D        | Noticed a shining eye
   434 | D        | Gained mutation: Scrolls take you a little longer to read.
                  | [a neqoxec]
   435 | D        | Found a transporter.
   438 | D        | Noticed a death drake
   438 | D        | a hippogriff changed into a death drake
   441 | D        | Reached ****** piety under Qazlal
   444 | D        | Killed a death drake
   444 | D        | Reached skill level 10 in Fighting
   444 | D        | Reached skill level 10 in Shields
   444 | D        | Reached skill level 14 in Invocations
   444 | D        | Gained mutation: You have a pair of antennae on your head.
                  | [demonic ancestry]
   444 | D        | Reached XP level 9. HP: 62/78 MP: 17/19
   444 | D        | Gained mutation: Your flesh is cold resistant. (rC+) [a
                  | shining eye]
   445 | D        | Killed a shining eye
   448 | D        | Got the amulet "Tucoz" {Acrobat -Tele MR+ Dex+6}
   456 | D        | Entered arena 8.
   456 | D        | Noticed a rime drake
   456 | D        | Noticed a rime drake
   459 | D        | Found a transporter.
   460 | D        | Killed a rime drake
   462 | D        | Killed a rime drake
   694 | D        | Entered arena 9.
   695 | D        | Found a transporter.
   700 | D        | Reached skill level 15 in Invocations
   702 | D        | Gained mutation: You are partially covered in thin metallic
                  | scales. (AC +2) [demonic ancestry]
   702 | D        | Reached XP level 10. HP: 89/89 MP: 21/21
   710 | D        | Entered arena 10.
   711 | D        | Found the brooch of Shielding {Reflect SH+8}
   711 | D        | Found a transporter.
   733 | D        | Got the Almanac of Supportive Flight
   736 | D        | Entered arena 11.
   737 | D        | Found a transporter.
   755 | D        | Entered arena 12.
   755 | D        | Noticed a death ooze
   755 | D        | Noticed a shining eye
   761 | D        | Killed a death ooze
   766 | D        | Found a transporter.
   768 | D        | Killed a shining eye
   777 | D        | Entered arena 13.
   777 | D        | Noticed a shambling mangrove
   777 | D        | Noticed a spriggan druid
   777 | D        | Noticed a spriggan rider
   777 | D        | Noticed a dire elephant
   777 | D        | Noticed a spriggan berserker
   777 | D        | Noticed a dire elephant
   777 | D        | Noticed a dire elephant
   778 | D        | Noticed a satyr
   778 | D        | Noticed a wolf spider
   778 | D        | Noticed a spriggan berserker
   779 | D        | Found a transporter.
   780 | D        | Killed a spriggan berserker
   780 | D        | Reached skill level 16 in Invocations
   780 | D        | Killed a spriggan berserker
   780 | D        | Killed a wolf spider
   784 | D        | Gained mutation: You are mostly covered in thin metallic
                  | scales. (AC +3) [demonic ancestry]
   784 | D        | Reached XP level 11. HP: 98/100 MP: 15/23
   784 | D        | Killed a shambling mangrove
   784 | D        | Reached skill level 15 in Fighting
   785 | D        | Killed a dire elephant
   785 | D        | Reached skill level 17 in Invocations
   786 | D        | Killed a spriggan druid
   786 | D        | Killed a dire elephant
   790 | D        | Killed a satyr
   790 | D        | Killed a dire elephant
   998 | D        | Got the ring "Okapacwi" {rElec rC+ Str+3 Int-5 Stlth-}
  1082 | D        | Learned a level 2 spell: Song of Slaying
  1083 | D        | Entered arena 14.
  1087 | D        | Reached skill level 18 in Invocations
  1089 | D        | Reached skill level 1 in Spellcasting
  1089 | D        | Reached skill level 1 in Charms
  1092 | D        | Found a transporter.
  1100 | D        | Got the cursed +0 pair of gloves of Hepliaklqana's Fury
                  | {Int+4}
  1109 | D        | Got the ring of Ludaowk {+Fly rElec rPois rN++ Int-3}
  1111 | D        | Got the ring of Yheqoi {rCorr rN+ Int+3 Stlth+}
  1118 | D        | Got Zeank's Primer on Magic
  1125 | D        | Entered arena 15.
  1125 | D        | Noticed a hell hog
  1125 | D        | Noticed a hell hog
  1126 | D        | Noticed a fire dragon
  1126 | D        | Identified the +3 war axe "Farer" {speed, +Inv rElec}
  1126 | D        | Noticed a fire giant
  1129 | D        | Found a transporter.
  1132 | D        | Killed a hell hog
  1134 | D        | Killed a hell hog
  1134 | D        | Gained mutation: You have a pair of large antennae on your
                  | head. (SInv) [demonic ancestry]
  1134 | D        | Reached XP level 12. HP: 64/113 MP: 25/25
  1136 | D        | Killed a fire giant
  1137 | D        | Killed a fire dragon
  1302 | D        | Entered arena 16.
  1302 | D        | Noticed a deep elf blademaster
  1303 | D        | Noticed a deep elf blademaster
  1303 | D        | Noticed a deep elf blademaster
  1303 | D        | Noticed a deep elf sorcerer
  1303 | D        | Noticed a deep elf high priest
  1303 | D        | Identified the amulet of Houshub {Faith rPois Dex+4}
  1304 | D        | Noticed a deep elf master archer
  1304 | D        | Identified the +10 quarterstaff of Cegus {crush, rPois
                  | Dex-3 SInv}
  1304 | D        | Noticed a deep elf annihilator
  1305 | D        | Found a transporter.
  1306 | D        | Reached skill level 10 in Axes
  1306 | D        | Killed a deep elf master archer
  1306 | D        | Reached skill level 10 in Dodging
  1306 | D        | Reached skill level 5 in Spellcasting
  1306 | D        | Reached skill level 5 in Charms
  1306 | D        | Reached skill level 19 in Invocations
  1307 | D        | Killed a deep elf high priest
  1313 | D        | Killed a deep elf blademaster
  1313 | D        | Reached skill level 10 in Armour
  1314 | D        | Killed a deep elf annihilator
  1316 | D        | Killed a deep elf blademaster
  1316 | D        | Killed a deep elf sorcerer
  1316 | D        | Gained mutation: You are mostly covered in sharp spines.
                  | [demonic ancestry]
  1316 | D        | Reached XP level 13. HP: 47/124 MP: 20/26
  1317 | D        | Killed a deep elf blademaster
  1317 | D        | Reached skill level 20 in Invocations
  1581 | D        | Got the Collected Works on Cold
  1594 | D        | Entered arena 17.
  1596 | D        | Noticed a death ooze
  1596 | D        | Noticed an acid blob
  1596 | D        | Noticed an azure jelly
  1599 | D        | Reached skill level 15 in Shields
  1599 | D        | Killed an azure jelly
  1599 | D        | Killed a death ooze
  1599 | D        | Killed an acid blob
  1601 | D        | Found the +6 arbalest "Damnation" {damnation}
  1601 | D        | Found a transporter.
  1639 | D        | Entered arena 18.
  1641 | D        | Noticed a green draconian
  1641 | D        | Noticed a white draconian
  1641 | D        | Noticed a white draconian
  1641 | D        | Noticed a green draconian
  1641 | D        | Noticed a yellow draconian knight
  1641 | D        | Noticed a red draconian
  1641 | D        | Identified the ring "Caxus" {rPois MR- Dex+2 Stlth+}
  1641 | D        | Noticed a red draconian
  1641 | D        | Noticed a yellow draconian
  1642 | D        | Noticed a black draconian
  1642 | D        | Noticed a white draconian
  1642 | D        | Noticed a black draconian
  1642 | D        | Noticed a purple draconian
  1642 | D        | Noticed a purple draconian
  1642 | D        | Noticed a red draconian
  1642 | D        | Noticed a white draconian
  1642 | D        | Noticed a yellow draconian
  1642 | D        | Noticed a red draconian
  1642 | D        | Noticed a black draconian
  1643 | D        | Killed a white draconian
  1643 | D        | Killed a black draconian
  1643 | D        | Killed a red draconian
  1643 | D        | Killed a white draconian
  1643 | D        | Killed a purple draconian
  1643 | D        | Killed a yellow draconian
  1643 | D        | Killed a green draconian
  1643 | D        | Reached skill level 21 in Invocations
  1644 | D        | Killed a yellow draconian knight
  1645 | D        | Found a transporter.
  1646 | D        | Killed a white draconian
  1649 | D        | Killed a black draconian
  1652 | D        | Killed a red draconian
  1652 | D        | Reached XP level 14. HP: 69/133 MP: 28/28
  1652 | D        | Reached skill level 10 in Spellcasting
  1652 | D        | Reached skill level 10 in Charms
  1659 | D        | Killed from afar by a purple draconian

Levels and vault maps discovered:
D:        sprint_v [room_start, room_1, room_2, room_3, room_4, room_5, room_6,
          room_7, room_8, room_9, room_10, room_11, room_12, room_13, room_14,
          room_15, room_16, room_17, room_18, room_19, room_20, room_21,
          room_22, room_23, room_24, room_25, room_26, room_27]

Skill      XL: |  1  2  3  4  5  6  7  8  9 10 11 12 13 14 |
---------------+-------------------------------------------+-----
Axes           | 3 4 5 6 7 8 9 10 11 | 11.7
Armour         | 1 2 3 4 5 6 8 9 10 11 | 11.4
Dodging        | 3 4 5 6 7 8 9 10 11 | 11.6
Shields        | 2 4 7 9 10 11 12 13 14 15 16 | 16.2
Invocations    | 3 6 10 12 14 15 16 18 19 21 | 21.7
Fighting       | 4 6 7 10 12 14 17 18 19 | 19.8
Spellcasting   | 3 7 9 10 | 10.5
Charms         | 3 7 9 10 | 10.5
Stealth        | |  1.7

Action                   |  1- 3 |  4- 6 |  7- 9 | 10-12 | 13-15 || total
-------------------------+-------+-------+-------+-------+-------++-------
Melee: Broad axe         |     3 |    10 |    25 |    51 |    14 ||   103
Invok: Disaster Area     |       |       |       |     2 |     3 ||     5
  Use: Potion            |       |     1 |       |     3 |     2 ||     6
 Stab: Distracted        |       |       |       |       |     1 ||     1
  Eat: Ration            |       |       |       |     1 |       ||     1
Armor: Gold dragon scale |       |     5 |    16 |    50 |     8 ||    79
Dodge: Dodged            |       |       |     3 |     8 |     1 ||    12
       Deflected         |       |       |     1 |     2 |     2 ||     5
Block: Shield            |     1 |    15 |    62 |   149 |    30 ||   257
       Reflection        |       |       |       |     4 |     1 ||     5

Table legend:
 A = Non-vault XP
 B = Vault XP
 C = Vault XP percentage of total XP
 D = Non-vault monster count
 E = Vault monster count
 F = Vault count percentage of total count
                 A         B        C        D         E       F
            +---------+---------+-------+---------+---------+-------
      Total |    1078 |   71011 |  98.5 |       4 |     142 |  97.3
            +---------+---------+-------+---------+---------+-------
          D |    1078 |   71011 |  98.5 |       4 |     142 |  97.3
            +---------+---------+-------+---------+---------+-------
